 Dungeon Crawl Stone Soup version 0.29.1 (webtiles) character file.

Game seed: 4682282338667216760

561 smilodon the Ruffian (level 7, 0/66 HPs)
             Began as a Troll Fighter on Sept 14, 2022.
             Was an Initiate of Yredelemnul.
             Slain by a centaur
             ... wielding the +4 mace of Qaegoc {vorpal, Dex+3}
              (1 damage)
             ... on level 4 of the Dungeon.
             The game lasted 00:05:46 (1981 turns).

smilodon the Ruffian (Troll Fighter)                Turns: 1981, Time: 00:05:50

Health: 0/66       AC:  4    Str: 27    XL:     7   Next: 9%
Magic:  6/6        EV:  8    Int:  4    God:    Yredelemnul [......]
Gold:   52         SH:  7    Dex:  9    Spells: 6/6 levels left

rFire   . . .      SeeInvis .     - Unarmed
rCold   . . .      Faith    .   b - +0 kite shield
rNeg    . . .      Spirit   .   a - +0 robe
rPois   .          Reflect  .   (helmet restricted)
rElec   .          Harm     .   (no cloak)
rCorr   .          Rampage  .   (gloves unavailable)
Will    .....                   (boots unavailable)
Stlth   +.........              (no amulet)
HPRegen 1.01/turn               (no ring)
MPRegen 0.10/turn               (no ring)

@: no status effects
A: large, unfitting armour, claws 3, regeneration 1, shaggy fur 1, tough skin 1
a: Renounce Religion, Recall Undead Harvest


You were on level 4 of the Dungeon.
You worshipped Yredelemnul.
Yredelemnul was noncommittal.
You visited 1 branch of the dungeon, and saw 4 of its levels.

You collected 52 gold pieces.

Inventory:

Hand Weapons
 g - a +1 dagger of venom
Missiles
 f - a throwing net (quivered)
Armour
 a - a +0 robe (worn)
 b - a +0 kite shield (worn)
Jewellery
 j - a +4 ring of protection
Wands
 i - a wand of iceblast (6)
Scrolls
 n - a scroll of magic mapping
Potions
 d - a potion of magic {unknown}
 k - a potion of haste
 m - a potion of lignification


   Skills:
 - Level 2.5 Fighting
 - Level 2.5 Dodging
 - Level 2.8 Shields
 + Level 7.6 Unarmed Combat


You had 6 spell levels left.
You didn't know any spells.
Your spell library contained the following spells:

 Spells                   Type           Power      Damage    Failure   Level
 Call Canine Familiar     Summ           0%         N/A       99%         3
 Portal Projectile        Hex/Tloc       0%         N/A       99%         3
 Leda's Liquefaction      Hex/Erth       0%         N/A       100%        4


Dungeon Overview and Level Annotations

Branches:
Dungeon (4/15)
 Temple: D:4-7

Altars:
Uskayaw
Yredelemnul


Innate Abilities, Weirdness & Mutations

You are too large for most types of armour.
You have claws for hands.
Your natural rate of healing is unusually fast.
You are covered in fur. (AC +1)
You have tough skin. (AC +1)


Message History

You claw the adder!
You kill the adder!
The dead are slithering!
The centaur barely misses you.
The centaur kicks you but does no damage.
Your goblin zombie hits the centaur but does no damage.
Your adder zombie barely misses the phantom.
The centaur barely misses you. The centaur kicks you.
The phantom hits your adder zombie!
Your adder zombie is destroyed!
The centaur attacks as you move away!
The centaur hits you with the +4 mace of Qaegoc {vorpal, Dex+3}.
The centaur barely misses you.
Your iguana zombie barely misses the centaur.
The phantom hits your goblin zombie.
Your adder zombie bites the centaur.
The centaur attacks as you move away!
The centaur hits you with the +4 mace of Qaegoc {vorpal, Dex+3}!
* * * LOW HITPOINT WARNING * * *
x2 The centaur kicks you but does no damage.
The centaur unwields the +4 mace of Qaegoc {vorpal, Dex+3}.
The centaur wields a +0 shortbow.
The centaur shoots an arrow.
The arrow hits you!
* * * LOW HITPOINT WARNING * * *
Your goblin zombie hits the centaur but does no damage.
The phantom hits your goblin zombie!
Your goblin zombie is destroyed!
Your adder zombie bites the centaur but does no damage.
Your iguana zombie bites the centaur!
The centaur shoots an arrow.
The arrow barely misses you.
You feel better.
The centaur shoots an arrow.
The arrow hits you!
* * * LOW HITPOINT WARNING * * *
Your adder zombie bites the centaur but does no damage.
Your iguana zombie bites the centaur.
Okay, then.
It was a potion of cancellation.
You feel magically purged. The phantom hits your iguana zombie.
The centaur unwields a +0 shortbow.
The centaur wields the +4 mace of Qaegoc {vorpal, Dex+3}.
The centaur hits you with the +4 mace of Qaegoc {vorpal, Dex+3}.
* * * LOW HITPOINT WARNING * * *
You die...
Your body rises from the dead as a mindless zombie.

#........)...## ..
##...#...).##..## P..
#....#....####..## ....
###.........# #...#
....###..........## ##...
_........#######..# ##..
.........### ##Z## #..
.......WZ..## #.Z# ##.
.......Zc@).#####..#####..
.......###)....###........
....... ###..............
....... ##......#.(....
..#.... #..........#.. .
##... #.........###.. ##..
#.........# #.. #..
....###....# ##. ...###
#.....###.


You could see a phantom (ally target), a centaur (ally target), a friendly
iguana zombie and a friendly adder zombie.

Vanquished Creatures
  Duvessa (D:4)
  An ogre (D:4)
  Crazy Yiuf (D:2)
  Jessica (D:2)
  An iguana (D:4)
  6 adders
  A worm (D:3)
  5 dart slugs
  An orc (D:3)
  7 endoplasms
  2 giant cockroaches (D:1)
  4 hobgoblins
  3 jackals (D:3)
  A quokka (D:4)
  2 ball pythons
  3 bats
  4 frilled lizards
  6 goblins
  7 kobolds
  5 rats
62 creatures vanquished.

Vanquished Creatures (collateral kills)
  Edmund (D:4)
  Dowan (D:4)
  A goblin (D:4)
3 creatures vanquished.

Vanquished Creatures (others)
  2 adder zombies
  A dart slug zombie (D:2)
  An endoplasm zombie (D:2)
  2 goblin zombies
  A jackal zombie (D:3)
  A quokka zombie (D:4)
  A rat zombie (D:2)
  8 fungi
  5 plants (D:4)
22 creatures vanquished.

Grand Total: 87 creatures vanquished

Notes
Turn   | Place    | Note
-------+----------+-------------------------------------------
     0 | D:1      | smilodon the Troll Fighter began the quest for the Orb.
     0 | D:1      | Reached XP level 1. HP: 22/22 MP: 0/0
   132 | D:1      | Reached XP level 2. HP: 26/29 MP: 1/1
   412 | D:1      | Reached skill level 3 in Unarmed Combat
   482 | D:1      | Reached XP level 3. HP: 36/36 MP: 2/2
   598 | D:2      | Found a basalt altar of Yredelemnul.
   646 | D:2      | Became a worshipper of Yredelemnul the Dark
   827 | D:2      | Reached * piety under Yredelemnul
   848 | D:2      | Found a runed translucent door.
   849 | D:2      | Noticed Crazy Yiuf
   877 | D:2      | Noticed Jessica
   890 | D:2      | Killed Jessica
   891 | D:2      | Reached skill level 4 in Unarmed Combat
   891 | D:2      | Reached XP level 4. HP: 30/44 MP: 3/3
   966 | D:2      | Killed Crazy Yiuf
  1231 | D:3      | Reached XP level 5. HP: 48/50 MP: 4/4
  1314 | D:3      | Reached skill level 5 in Unarmed Combat
  1462 | D:3      | Reached ** piety under Yredelemnul
  1741 | D:4      | Noticed Dowan
  1743 | D:4      | Noticed Duvessa
  1753 | D:4      | Killed Duvessa
  1754 | D:4      | Reached skill level 6 in Unarmed Combat
  1754 | D:4      | Reached XP level 6. HP: 18/59 MP: 5/5
  1773 | D:4      | Killed Dowan
  1953 | D:4      | Noticed Edmund
  1961 | D:4      | Reached skill level 7 in Unarmed Combat
  1965 | D:4      | Killed Edmund
  1966 | D:4      | Reached XP level 7. HP: 43/66 MP: 6/6
  1968 | D:4      | Identified the +4 mace of Qaegoc {vorpal, Dex+3}
  1972 | D:4      | Found a hide-covered altar of Uskayaw.
  1980 | D:4      | HP: 3/66 [centaur/arrow (7)]
  1981 | D:4      | HP: 1/66 [centaur/the +4 mace of Qaegoc {vorpal, Dex+3}
                  | (3)]
  1981 | D:4      | Slain by a centaur

Illustrated notes

Levels and vault maps discovered:
D:1:      dpeg_arrival_windows_large_door, layout_rooms, dk_noncrumbling_2
D:2:      layout_rooms, basic_altar, uniq_jessica, uniq_crazy_yiuf_cottage
D:3:      layout_rooms, wad_floor_pattern_untrapped
D:4:      layout_layer_cave, mainiacjoe_overflow_boulevard, uniq_edmund,
          uniq_duvessa, uniq_robin

Skill      XL: |  1  2  3  4  5  6 |
---------------+-------------------+-----
Unarmed Combat | 3 4 6 7 |  7.6
Fighting       | |  2.5
Dodging        | |  2.5
Shields        | |  2.8

Action                   |  1- 3 |  4- 6 |  7- 9 || total
-------------------------+-------+-------+-------++-------
Melee: Unarmed           |    83 |    75 |     5 ||   163
  Use: Scroll            |     2 |     6 |       ||     8
       Potion            |     1 |     2 |     2 ||     5
 Stab: Distracted        |       |     1 |       ||     1
Armor: Robe              |    27 |    21 |     9 ||    57
Dodge: Dodged            |    23 |    24 |     7 ||    54
Block: Kite shield       |    23 |    27 |     2 ||    52
